 Dungeon Crawl Stone Soup version 0.23.2-1-ga50397a (webtiles) character file.

Game seed: 18182994733815364524

8 Goblin1989 the Conjurer (level 2, -1/19 HPs)
             Began as a Demonspawn Conjurer on Apr 23, 2019.
             Slain by a kobold
             ... wielding a +0 short sword
              (5 damage)
             ... on level 1 of the Dungeon.
             The game lasted 00:00:52 (357 turns).

Goblin1989 the Conjurer (Demonspawn Conjurer)        Turns: 357, Time: 00:00:53

Health: -1/19      AC:  2    Str:  8    XL:     2   Next: 0%
Magic:  5/5        EV: 12    Int: 16    God:
Gold:   12         SH:  0    Dex: 13    Spells: 4/5 levels left

rFire    . . .     SeeInvis .   (no weapon)
rCold    . . .     Gourm    .   (no shield)
rNeg     . . .     Faith    .   a - +0 robe
rPois    .         Spirit   .   (helmet restricted)
rElec    .         Reflect  .   (no cloak)
rCorr    .         Harm     .   (no gloves)
MR       .....                  (no boots)
Stlth    ++........             (no amulet)
HPRegen  0.06/turn              (no ring)
MPRegen  0.09/turn              (no ring)

@: no status effects
A: antennae 1
a: no special abilities


You were on level 1 of the Dungeon.
You were not hungry.

You visited 1 branch of the dungeon, and saw 1 of its levels.

You collected 12 gold pieces.

Inventory:

Armour
 a - a +0 robe (worn)
Potions
 f - a potion of heal wounds {unknown}
Comestibles
 e - a ration


   Skills:
 - Level 1.7 Dodging
 - Level 1.7 Stealth
 + Level 2.2 Spellcasting
 * Level 4.3 Conjurations


You had 4 spell levels left.
You knew the following spells:

 Your Spells              Type           Power        Failure   Level  Hunger
a - Magic Dart            Conj           ###.         3%          1    #......

Your spell library contained the following spells:

 Spells                   Type           Power        Failure   Level  Hunger
 Searing Ray              Conj           ###...       5%          2    ###....
 Dazzling Spray           Conj/Hex       #.....       26%         3    ###....
 Iskenderun's Mystic Bla  Conj           ###.....     34%         4    #####..
 Force Lance              Conj/Tloc      #.......     63%         4    #####..
 Fulminant Prism          Conj/Hex       #.........   63%         4    #####..


Dungeon Overview and Level Annotations

Branches:
Dungeon (1/15)

Altars:


Innate Abilities, Weirdness & Mutations

You have a pair of small antennae on your head.


Message History

You barely miss the rat. The rat bites you.
* * * LOW HITPOINT WARNING * * *
You take 1 damage, and have 2/13 hp.
You hit the rat.
The rat is heavily wounded.
The rat closely misses you.
Casting: Magic Dart (safe; 3% risk of failure)
Confirm with . or Enter, or press ? or * to list all spells.
Aiming: Magic Dart (safe; 3% risk of failure)
Press: ? - help, Shift-Dir - straight line, f - rat
Aim: a rat (heavily wounded)
The magic dart hits the rat.
You kill the rat!
You now have 0/3 mp.
Items here: ††††† a rat corpse x2; a frilled lizard corpse; a rat corpse x2
You butcher the rat corpse.
f - a chunk of flesh
Items here: ÷ †††† a rat skeleton; a rat corpse; a frilled lizard corpse; a rat corpse x2
You butcher the rat corpse.
f - 2 chunks of flesh (gained 1)
Items here: ÷÷ ††† a rat skeleton x2; a frilled lizard corpse; a rat corpse x2
Magic restored.
Key pressed, stopping explore.
Key pressed, stopping explore.
All of the chunks of flesh in your inventory have rotted away.
HP restored.
You see here a leather armour.
f - a fuming pink potion Health restored: 13; MP restored: 3 Unknown command.
You now have 12 gold pieces.
A rat comes into view.
A rat is nearby!
A rat is nearby!
A rat is nearby!
Casting: Magic Dart (safe; 3% risk of failure)
Confirm with . or Enter, or press ? or * to list all spells.
Aiming: Magic Dart (safe; 3% risk of failure)
Press: ? - help, Shift-Dir - straight line, f - rat
Aim: a rat (resting)
The magic dart hits the rat.
You kill the rat!
You have reached level 2!
You feel monstrous as your demonic heritage exerts itself.
Your demonic ancestry asserts itself...
A pair of antennae grows on your head!
Health restored: 19 Unknown command.
Unknown command.
A dart slug comes into view.
MP restored: 5 A dart slug is nearby!
A kobold comes into view. It is wielding a +0 short sword.
You hit the dart slug but do no damage.
The kobold shouts!
The dart slug misses you.
You hit the dart slug but do no damage. The dart slug bites you.
You take 3 damage, and have 16/19 hp.
You hit the dart slug.
The dart slug is moderately wounded.
You hit the dart slug but do no damage.
The dart slug is moderately wounded.
The dart slug launches a dart at you.
The slug dart hits you but does no damage.
A rat comes into view.
You hit the dart slug but do no damage.
The dart slug is moderately wounded.
The dart slug barely misses you.
You hit the dart slug but do no damage.
The dart slug is moderately wounded.
A rat comes into view.
You hit the dart slug.
The dart slug is moderately wounded.
The dart slug closely misses you. The kobold barely misses you.
You hit the dart slug.
The dart slug is moderately wounded.
The dart slug bites you. The kobold closely misses you.
You take 2 damage, and have 15/19 hp.
You hit the dart slug but do no damage.
The dart slug is moderately wounded.
The kobold hits you but does no damage.
You hit the dart slug.
The dart slug is heavily wounded.
The dart slug completely misses you.
A hobgoblin comes into view. It is wielding a +0 club.
The kobold misses you.
The hobgoblin shouts!
You hit the dart slug.
The dart slug is severely wounded.
The dart slug launches a dart at you. The slug dart hits you.
The rat closely misses you.
The kobold hits you with a +0 short sword.
* * * LOW HITPOINT WARNING * * *
You barely miss the kobold. The rat bites you.
* * * LOW HITPOINT WARNING * * *
The kobold hits you with a +0 short sword.
You die...

......█ █.. ....
.......██.. !.g█
.(.....÷.█< █...
.......██.. █... .$....█
█[. ███... .....█ █..
.█....r███████████████..
......rK...............█
..$...w@...............█
.......█████...████(....
....... █........████
█.██.█.


██████████ █ █.█. . █. █ █. .. You could see a dart slug, a hobgoblin, a kobold
and 2 rats.

Vanquished Creatures
  A frilled lizard (D:1)
  11 rats (D:1)
12 creatures vanquished.

Notes
Turn   | Place    | Note
-------+----------+-------------------------------------------
     0 | D:1      | Goblin1989 the Demonspawn Conjurer began the quest for the
                  | Orb.
     0 | D:1      | Reached XP level 1. HP: 13/13 MP: 3/3
   317 | D:1      | Gained mutation: You have a pair of small antennae on your
                  | head. [demonic ancestry]
   317 | D:1      | Reached XP level 2. HP: 19/19 MP: 3/5
   357 | D:1      | Slain by a kobold

Action                   || total
-------------------------++-------
Melee: Unarmed           ||    47
 Cast: Magic Dart        ||     7
Armor: Robe              ||     9
Dodge: Dodged            ||    23

Levels and vault maps discovered:
D:1:      erik_arrival_orb_chamber, layout_loops_ring
